%YAML 1.1
%TAG !u! tag:unity3d.com,2011:
--- !u!1001 &100100000
Prefab:
  m_ObjectHideFlags: 1
  serializedVersion: 2
  m_Modification:
    m_TransformParent: {fileID: 0}
    m_Modifications: []
    m_RemovedComponents: []
  m_ParentPrefab: {fileID: 0}
  m_RootGameObject: {fileID: 1510394187250112}
  m_IsPrefabParent: 1
--- !u!1 &1001271001813792
GameObject:
  m_ObjectHideFlags: 0
  m_PrefabParentObject: {fileID: 0}
  m_PrefabInternal: {fileID: 100100000}
  serializedVersion: 5
  m_Component:
  - component: {fileID: 4675233681222876}
  m_Layer: 0
  m_Name: Paths
  m_TagString: Untagged
  m_Icon: {fileID: 0}
  m_NavMeshLayer: 0
  m_StaticEditorFlags: 0
  m_IsActive: 1
--- !u!1 &1042579822784190
GameObject:
  m_ObjectHideFlags: 1
  m_PrefabParentObject: {fileID: 0}
  m_PrefabInternal: {fileID: 100100000}
  serializedVersion: 5
  m_Component:
  - component: {fileID: 4539060885013274}
  - component: {fileID: 114241464489724872}
  - component: {fileID: 114296869946765480}
  m_Layer: 0
  m_Name: Entrance
  m_TagString: Untagged
  m_Icon: {fileID: 0}
  m_NavMeshLayer: 0
  m_StaticEditorFlags: 0
  m_IsActive: 1
--- !u!1 &1058214432836370
GameObject:
  m_ObjectHideFlags: 0
  m_PrefabParentObject: {fileID: 0}
  m_PrefabInternal: {fileID: 100100000}
  serializedVersion: 5
  m_Component:
  - component: {fileID: 4865384175539366}
  m_Layer: 0
  m_Name: View
  m_TagString: Untagged
  m_Icon: {fileID: 0}
  m_NavMeshLayer: 0
  m_StaticEditorFlags: 0
  m_IsActive: 1
--- !u!1 &1059649107156952
GameObject:
  m_ObjectHideFlags: 1
  m_PrefabParentObject: {fileID: 0}
  m_PrefabInternal: {fileID: 100100000}
  serializedVersion: 5
  m_Component:
  - component: {fileID: 4125857277830730}
  - component: {fileID: 114690481341274254}
  m_Layer: 0
  m_Name: 03
  m_TagString: Untagged
  m_Icon: {fileID: 0}
  m_NavMeshLayer: 0
  m_StaticEditorFlags: 0
  m_IsActive: 1
--- !u!1 &1061865987611170
GameObject:
  m_ObjectHideFlags: 1
  m_PrefabParentObject: {fileID: 0}
  m_PrefabInternal: {fileID: 100100000}
  serializedVersion: 5
  m_Component:
  - component: {fileID: 4995974981415658}
  - component: {fileID: 114607961738125578}
  m_Layer: 0
  m_Name: Nway
  m_TagString: Untagged
  m_Icon: {fileID: 0}
  m_NavMeshLayer: 0
  m_StaticEditorFlags: 0
  m_IsActive: 1
--- !u!1 &1226804447169554
GameObject:
  m_ObjectHideFlags: 1
  m_PrefabParentObject: {fileID: 0}
  m_PrefabInternal: {fileID: 100100000}
  serializedVersion: 5
  m_Component:
  - component: {fileID: 4558731902486830}
  - component: {fileID: 114145986028195188}
  m_Layer: 0
  m_Name: 02
  m_TagString: Untagged
  m_Icon: {fileID: 0}
  m_NavMeshLayer: 0
  m_StaticEditorFlags: 0
  m_IsActive: 1
--- !u!1 &1370545413140232
GameObject:
  m_ObjectHideFlags: 1
  m_PrefabParentObject: {fileID: 0}
  m_PrefabInternal: {fileID: 100100000}
  serializedVersion: 5
  m_Component:
  - component: {fileID: 4281180149719184}
  - component: {fileID: 114956500895986418}
  - component: {fileID: 114806950211881708}
  m_Layer: 0
  m_Name: HorizontalMovement
  m_TagString: Untagged
  m_Icon: {fileID: 0}
  m_NavMeshLayer: 0
  m_StaticEditorFlags: 0
  m_IsActive: 1
--- !u!1 &1389883023984680
GameObject:
  m_ObjectHideFlags: 1
  m_PrefabParentObject: {fileID: 0}
  m_PrefabInternal: {fileID: 100100000}
  serializedVersion: 5
  m_Component:
  - component: {fileID: 4611256575200698}
  - component: {fileID: 114773148750983600}
  m_Layer: 0
  m_Name: LinearShot
  m_TagString: Untagged
  m_Icon: {fileID: 0}
  m_NavMeshLayer: 0
  m_StaticEditorFlags: 0
  m_IsActive: 1
--- !u!1 &1510394187250112
GameObject:
  m_ObjectHideFlags: 0
  m_PrefabParentObject: {fileID: 0}
  m_PrefabInternal: {fileID: 100100000}
  serializedVersion: 5
  m_Component:
  - component: {fileID: 4342790377771642}
  - component: {fileID: 50939409788244018}
  - component: {fileID: 61717072270626334}
  - component: {fileID: 114336938764895236}
  - component: {fileID: 114683763270401336}
  - component: {fileID: 114287518170633228}
  - component: {fileID: 114478200435742814}
  m_Layer: 0
  m_Name: Boss2
  m_TagString: Enemy
  m_Icon: {fileID: 0}
  m_NavMeshLayer: 0
  m_StaticEditorFlags: 0
  m_IsActive: 1
--- !u!1 &1553672378497160
GameObject:
  m_ObjectHideFlags: 1
  m_PrefabParentObject: {fileID: 0}
  m_PrefabInternal: {fileID: 100100000}
  serializedVersion: 5
  m_Component:
  - component: {fileID: 4074215149521094}
  - component: {fileID: 114190940271033010}
  m_Layer: 0
  m_Name: 01
  m_TagString: Untagged
  m_Icon: {fileID: 0}
  m_NavMeshLayer: 0
  m_StaticEditorFlags: 0
  m_IsActive: 1
--- !u!1 &1631887384335188
GameObject:
  m_ObjectHideFlags: 1
  m_PrefabParentObject: {fileID: 0}
  m_PrefabInternal: {fileID: 100100000}
  serializedVersion: 5
  m_Component:
  - component: {fileID: 4753244815852838}
  - component: {fileID: 114391434413390228}
  m_Layer: 0
  m_Name: LinearShot
  m_TagString: Untagged
  m_Icon: {fileID: 0}
  m_NavMeshLayer: 0
  m_StaticEditorFlags: 0
  m_IsActive: 1
--- !u!1 &1632059082697920
GameObject:
  m_ObjectHideFlags: 1
  m_PrefabParentObject: {fileID: 0}
  m_PrefabInternal: {fileID: 100100000}
  serializedVersion: 5
  m_Component:
  - component: {fileID: 4824325084756582}
  - component: {fileID: 114454706266387724}
  m_Layer: 0
  m_Name: Nway
  m_TagString: Untagged
  m_Icon: {fileID: 0}
  m_NavMeshLayer: 0
  m_StaticEditorFlags: 0
  m_IsActive: 1
--- !u!1 &1675561691721132
GameObject:
  m_ObjectHideFlags: 1
  m_PrefabParentObject: {fileID: 0}
  m_PrefabInternal: {fileID: 100100000}
  serializedVersion: 5
  m_Component:
  - component: {fileID: 4580446880229620}
  - component: {fileID: 114983122930775606}
  - component: {fileID: 114478938982760220}
  m_Layer: 0
  m_Name: WierdMovement
  m_TagString: Untagged
  m_Icon: {fileID: 0}
  m_NavMeshLayer: 0
  m_StaticEditorFlags: 0
  m_IsActive: 1
--- !u!1 &1690754444301482
GameObject:
  m_ObjectHideFlags: 0
  m_PrefabParentObject: {fileID: 0}
  m_PrefabInternal: {fileID: 100100000}
  serializedVersion: 5
  m_Component:
  - component: {fileID: 4073417073659794}
  m_Layer: 0
  m_Name: Guns
  m_TagString: Untagged
  m_Icon: {fileID: 0}
  m_NavMeshLayer: 0
  m_StaticEditorFlags: 0
  m_IsActive: 1
--- !u!1 &1746441821241082
GameObject:
  m_ObjectHideFlags: 1
  m_PrefabParentObject: {fileID: 0}
  m_PrefabInternal: {fileID: 100100000}
  serializedVersion: 5
  m_Component:
  - component: {fileID: 4483795981344450}
  - component: {fileID: 114248645272575000}
  - component: {fileID: 114283150672667958}
  m_Layer: 0
  m_Name: HorizontalSinMovement
  m_TagString: Untagged
  m_Icon: {fileID: 0}
  m_NavMeshLayer: 0
  m_StaticEditorFlags: 0
  m_IsActive: 1
--- !u!1 &1776665582394564
GameObject:
  m_ObjectHideFlags: 1
  m_PrefabParentObject: {fileID: 0}
  m_PrefabInternal: {fileID: 100100000}
  serializedVersion: 5
  m_Component:
  - component: {fileID: 4107176037887184}
  - component: {fileID: 212314906242270432}
  - component: {fileID: 114066054171371534}
  m_Layer: 0
  m_Name: bossPlane
  m_TagString: Untagged
  m_Icon: {fileID: 0}
  m_NavMeshLayer: 0
  m_StaticEditorFlags: 0
  m_IsActive: 1
--- !u!1 &1994202218188608
GameObject:
  m_ObjectHideFlags: 1
  m_PrefabParentObject: {fileID: 0}
  m_PrefabInternal: {fileID: 100100000}
  serializedVersion: 5
  m_Component:
  - component: {fileID: 4194122318529668}
  - component: {fileID: 114329094703767184}
  m_Layer: 0
  m_Name: LinearShot
  m_TagString: Untagged
  m_Icon: {fileID: 0}
  m_NavMeshLayer: 0
  m_StaticEditorFlags: 0
  m_IsActive: 1
--- !u!4 &4073417073659794
Transform:
  m_ObjectHideFlags: 1
  m_PrefabParentObject: {fileID: 0}
  m_PrefabInternal: {fileID: 100100000}
  m_GameObject: {fileID: 1690754444301482}
  m_LocalRotation: {x: -0, y: -0, z: -0, w: 1}
  m_LocalPosition: {x: 0, y: 0, z: 0}
  m_LocalScale: {x: 1, y: 1, z: 1}
  m_Children:
  - {fileID: 4074215149521094}
  - {fileID: 4558731902486830}
  - {fileID: 4125857277830730}
  m_Father: {fileID: 4342790377771642}
  m_RootOrder: 0
  m_LocalEulerAnglesHint: {x: 0, y: 0, z: 0}
--- !u!4 &4074215149521094
Transform:
  m_ObjectHideFlags: 1
  m_PrefabParentObject: {fileID: 0}
  m_PrefabInternal: {fileID: 100100000}
  m_GameObject: {fileID: 1553672378497160}
  m_LocalRotation: {x: -0, y: -0, z: -0, w: 1}
  m_LocalPosition: {x: 0, y: 0, z: 0}
  m_LocalScale: {x: 1, y: 1, z: 1}
  m_Children:
  - {fileID: 4194122318529668}
  m_Father: {fileID: 4073417073659794}
  m_RootOrder: 0
  m_LocalEulerAnglesHint: {x: 0, y: 0, z: 0}
--- !u!4 &4107176037887184
Transform:
  m_ObjectHideFlags: 1
  m_PrefabParentObject: {fileID: 0}
  m_PrefabInternal: {fileID: 100100000}
  m_GameObject: {fileID: 1776665582394564}
  m_LocalRotation: {x: -0, y: -0, z: -0, w: 1}
  m_LocalPosition: {x: 0, y: 0, z: 0}
  m_LocalScale: {x: 0.5, y: 0.5, z: 0.5}
  m_Children: []
  m_Father: {fileID: 4865384175539366}
  m_RootOrder: 0
  m_LocalEulerAnglesHint: {x: 0, y: 0, z: 0}
--- !u!4 &4125857277830730
Transform:
  m_ObjectHideFlags: 1
  m_PrefabParentObject: {fileID: 0}
  m_PrefabInternal: {fileID: 100100000}
  m_GameObject: {fileID: 1059649107156952}
  m_LocalRotation: {x: -0, y: -0, z: -0, w: 1}
  m_LocalPosition: {x: 0, y: 0, z: 0}
  m_LocalScale: {x: 1, y: 1, z: 1}
  m_Children:
  - {fileID: 4611256575200698}
  - {fileID: 4995974981415658}
  m_Father: {fileID: 4073417073659794}
  m_RootOrder: 2
  m_LocalEulerAnglesHint: {x: 0, y: 0, z: 0}
--- !u!4 &4194122318529668
Transform:
  m_ObjectHideFlags: 1
  m_PrefabParentObject: {fileID: 0}
  m_PrefabInternal: {fileID: 100100000}
  m_GameObject: {fileID: 1994202218188608}
  m_LocalRotation: {x: -0, y: -0, z: -0, w: 1}
  m_LocalPosition: {x: -0.00999999, y: -0.34000015, z: 0}
  m_LocalScale: {x: 1, y: 1, z: 1}
  m_Children: []
  m_Father: {fileID: 4074215149521094}
  m_RootOrder: 0
  m_LocalEulerAnglesHint: {x: 0, y: 0, z: 0}
--- !u!4 &4281180149719184
Transform:
  m_ObjectHideFlags: 1
  m_PrefabParentObject: {fileID: 0}
  m_PrefabInternal: {fileID: 100100000}
  m_GameObject: {fileID: 1370545413140232}
  m_LocalRotation: {x: -0, y: -0, z: -0, w: 1}
  m_LocalPosition: {x: 1.006, y: -1.64, z: 0}
  m_LocalScale: {x: 1, y: 1, z: 1}
  m_Children: []
  m_Father: {fileID: 4675233681222876}
  m_RootOrder: 1
  m_LocalEulerAnglesHint: {x: 0, y: 0, z: 0}
--- !u!4 &4342790377771642
Transform:
  m_ObjectHideFlags: 1
  m_PrefabParentObject: {fileID: 0}
  m_PrefabInternal: {fileID: 100100000}
  m_GameObject: {fileID: 1510394187250112}
  m_LocalRotation: {x: 0, y: 0, z: 0, w: 1}
  m_LocalPosition: {x: -1, y: 4.96, z: 0}
  m_LocalScale: {x: 1, y: 1, z: 1}
  m_Children:
  - {fileID: 4073417073659794}
  - {fileID: 4865384175539366}
  - {fileID: 4675233681222876}
  m_Father: {fileID: 0}
  m_RootOrder: 0
  m_LocalEulerAnglesHint: {x: 0, y: 0, z: 0}
--- !u!4 &4483795981344450
Transform:
  m_ObjectHideFlags: 1
  m_PrefabParentObject: {fileID: 0}
  m_PrefabInternal: {fileID: 100100000}
  m_GameObject: {fileID: 1746441821241082}
  m_LocalRotation: {x: -0, y: -0, z: -0, w: 1}
  m_LocalPosition: {x: 1.006, y: -1.6399999, z: 0}
  m_LocalScale: {x: 1, y: 1, z: 1}
  m_Children: []
  m_Father: {fileID: 4675233681222876}
  m_RootOrder: 2
  m_LocalEulerAnglesHint: {x: 0, y: 0, z: 0}
--- !u!4 &4539060885013274
Transform:
  m_ObjectHideFlags: 1
  m_PrefabParentObject: {fileID: 0}
  m_PrefabInternal: {fileID: 100100000}
  m_GameObject: {fileID: 1042579822784190}
  m_LocalRotation: {x: 0, y: 0, z: 0, w: 1}
  m_LocalPosition: {x: -3.15, y: -11.64, z: 0}
  m_LocalScale: {x: 1, y: 1, z: 1}
  m_Children: []
  m_Father: {fileID: 4675233681222876}
  m_RootOrder: 0
  m_LocalEulerAnglesHint: {x: 0, y: 0, z: 0}
--- !u!4 &4558731902486830
Transform:
  m_ObjectHideFlags: 1
  m_PrefabParentObject: {fileID: 0}
  m_PrefabInternal: {fileID: 100100000}
  m_GameObject: {fileID: 1226804447169554}
  m_LocalRotation: {x: -0, y: -0, z: -0, w: 1}
  m_LocalPosition: {x: 0, y: 0, z: 0}
  m_LocalScale: {x: 1, y: 1, z: 1}
  m_Children:
  - {fileID: 4753244815852838}
  - {fileID: 4824325084756582}
  m_Father: {fileID: 4073417073659794}
  m_RootOrder: 1
  m_LocalEulerAnglesHint: {x: 0, y: 0, z: 0}
--- !u!4 &4580446880229620
Transform:
  m_ObjectHideFlags: 1
  m_PrefabParentObject: {fileID: 0}
  m_PrefabInternal: {fileID: 100100000}
  m_GameObject: {fileID: 1675561691721132}
  m_LocalRotation: {x: -0, y: -0, z: -0, w: 1}
  m_LocalPosition: {x: 1.006, y: -1.6399999, z: 0}
  m_LocalScale: {x: 1, y: 1, z: 1}
  m_Children: []
  m_Father: {fileID: 4675233681222876}
  m_RootOrder: 3
  m_LocalEulerAnglesHint: {x: 0, y: 0, z: 0}
--- !u!4 &4611256575200698
Transform:
  m_ObjectHideFlags: 1
  m_PrefabParentObject: {fileID: 0}
  m_PrefabInternal: {fileID: 100100000}
  m_GameObject: {fileID: 1389883023984680}
  m_LocalRotation: {x: -0, y: -0, z: -0, w: 1}
  m_LocalPosition: {x: -0.00999999, y: -0.34000015, z: 0}
  m_LocalScale: {x: 1, y: 1, z: 1}
  m_Children: []
  m_Father: {fileID: 4125857277830730}
  m_RootOrder: 0
  m_LocalEulerAnglesHint: {x: 0, y: 0, z: 0}
--- !u!4 &4675233681222876
Transform:
  m_ObjectHideFlags: 1
  m_PrefabParentObject: {fileID: 0}
  m_PrefabInternal: {fileID: 100100000}
  m_GameObject: {fileID: 1001271001813792}
  m_LocalRotation: {x: 0, y: 0, z: 0, w: 1}
  m_LocalPosition: {x: 0, y: 0, z: 0}
  m_LocalScale: {x: 1, y: 1, z: 1}
  m_Children:
  - {fileID: 4539060885013274}
  - {fileID: 4281180149719184}
  - {fileID: 4483795981344450}
  - {fileID: 4580446880229620}
  m_Father: {fileID: 4342790377771642}
  m_RootOrder: 2
  m_LocalEulerAnglesHint: {x: 0, y: 0, z: 0}
--- !u!4 &4753244815852838
Transform:
  m_ObjectHideFlags: 1
  m_PrefabParentObject: {fileID: 0}
  m_PrefabInternal: {fileID: 100100000}
  m_GameObject: {fileID: 1631887384335188}
  m_LocalRotation: {x: -0, y: -0, z: -0, w: 1}
  m_LocalPosition: {x: -0.00999999, y: -0.34000015, z: 0}
  m_LocalScale: {x: 1, y: 1, z: 1}
  m_Children: []
  m_Father: {fileID: 4558731902486830}
  m_RootOrder: 0
  m_LocalEulerAnglesHint: {x: 0, y: 0, z: 0}
--- !u!4 &4824325084756582
Transform:
  m_ObjectHideFlags: 1
  m_PrefabParentObject: {fileID: 0}
  m_PrefabInternal: {fileID: 100100000}
  m_GameObject: {fileID: 1632059082697920}
  m_LocalRotation: {x: -0, y: -0, z: -0, w: 1}
  m_LocalPosition: {x: -0.00999999, y: -0.34000015, z: 0}
  m_LocalScale: {x: 1, y: 1, z: 1}
  m_Children: []
  m_Father: {fileID: 4558731902486830}
  m_RootOrder: 1
  m_LocalEulerAnglesHint: {x: 0, y: 0, z: 0}
--- !u!4 &4865384175539366
Transform:
  m_ObjectHideFlags: 1
  m_PrefabParentObject: {fileID: 0}
  m_PrefabInternal: {fileID: 100100000}
  m_GameObject: {fileID: 1058214432836370}
  m_LocalRotation: {x: 0, y: 0, z: 0, w: 1}
  m_LocalPosition: {x: 0, y: 0, z: 0}
  m_LocalScale: {x: 1, y: 1, z: 1}
  m_Children:
  - {fileID: 4107176037887184}
  m_Father: {fileID: 4342790377771642}
  m_RootOrder: 1
  m_LocalEulerAnglesHint: {x: 0, y: 0, z: 0}
--- !u!4 &4995974981415658
Transform:
  m_ObjectHideFlags: 1
  m_PrefabParentObject: {fileID: 0}
  m_PrefabInternal: {fileID: 100100000}
  m_GameObject: {fileID: 1061865987611170}
  m_LocalRotation: {x: -0, y: -0, z: -0, w: 1}
  m_LocalPosition: {x: -0.00999999, y: -0.34000015, z: 0}
  m_LocalScale: {x: 1, y: 1, z: 1}
  m_Children: []
  m_Father: {fileID: 4125857277830730}
  m_RootOrder: 1
  m_LocalEulerAnglesHint: {x: 0, y: 0, z: 0}
--- !u!50 &50939409788244018
Rigidbody2D:
  serializedVersion: 4
  m_ObjectHideFlags: 1
  m_PrefabParentObject: {fileID: 0}
  m_PrefabInternal: {fileID: 100100000}
  m_GameObject: {fileID: 1510394187250112}
  m_BodyType: 1
  m_Simulated: 1
  m_UseFullKinematicContacts: 0
  m_UseAutoMass: 0
  m_Mass: 1
  m_LinearDrag: 0
  m_AngularDrag: 0.05
  m_GravityScale: 0
  m_Material: {fileID: 0}
  m_Interpolate: 0
  m_SleepingMode: 1
  m_CollisionDetection: 0
  m_Constraints: 0
--- !u!61 &61717072270626334
BoxCollider2D:
  m_ObjectHideFlags: 1
  m_PrefabParentObject: {fileID: 0}
  m_PrefabInternal: {fileID: 100100000}
  m_GameObject: {fileID: 1510394187250112}
  m_Enabled: 1
  m_Density: 1
  m_Material: {fileID: 0}
  m_IsTrigger: 1
  m_UsedByEffector: 0
  m_UsedByComposite: 0
  m_Offset: {x: 0, y: 0}
  m_SpriteTilingProperty:
    border: {x: 0, y: 0, z: 0, w: 0}
    pivot: {x: 0, y: 0}
    oldSize: {x: 0, y: 0}
    newSize: {x: 0, y: 0}
    adaptiveTilingThreshold: 0
    drawMode: 0
    adaptiveTiling: 0
  m_AutoTiling: 0
  serializedVersion: 2
  m_Size: {x: 1, y: 1}
  m_EdgeRadius: 0
--- !u!114 &114066054171371534
MonoBehaviour:
  m_ObjectHideFlags: 1
  m_PrefabParentObject: {fileID: 0}
  m_PrefabInternal: {fileID: 100100000}
  m_GameObject: {fileID: 1776665582394564}
  m_Enabled: 1
  m_EditorHideFlags: 0
  m_Script: {fileID: 11500000, guid: 3021998872f327f419ca4b6f56500f64, type: 3}
  m_Name: 
  m_EditorClassIdentifier: 
  OnInvisible:
    m_PersistentCalls:
      m_Calls: []
    m_TypeName: UnityEngine.Events.UnityEvent, UnityEngine, Version=0.0.0.0, Culture=neutral,
      PublicKeyToken=null
--- !u!114 &114145986028195188
MonoBehaviour:
  m_ObjectHideFlags: 1
  m_PrefabParentObject: {fileID: 0}
  m_PrefabInternal: {fileID: 100100000}
  m_GameObject: {fileID: 1226804447169554}
  m_Enabled: 1
  m_EditorHideFlags: 0
  m_Script: {fileID: 11500000, guid: f4f0f29fa90c15e4ca1c2e77ce62f18a, type: 3}
  m_Name: 
  m_EditorClassIdentifier: 
  _AxisMove: 0
  _StartOnAwake: 1
  _StartOnAwakeDelay: 1
  _Loop: 1
  _AtRandom: 0
  _ShotList:
  - _ShotObj: {fileID: 114391434413390228}
    _AfterDelay: 1.2
  - _ShotObj: {fileID: 114454706266387724}
    _AfterDelay: 1.5
  onShoot:
    m_PersistentCalls:
      m_Calls: []
    m_TypeName: UnityEngine.Events.UnityEvent, UnityEngine, Version=0.0.0.0, Culture=neutral,
      PublicKeyToken=null
  shotSound: {fileID: 0}
--- !u!114 &114190940271033010
MonoBehaviour:
  m_ObjectHideFlags: 1
  m_PrefabParentObject: {fileID: 0}
  m_PrefabInternal: {fileID: 100100000}
  m_GameObject: {fileID: 1553672378497160}
  m_Enabled: 1
  m_EditorHideFlags: 0
  m_Script: {fileID: 11500000, guid: f4f0f29fa90c15e4ca1c2e77ce62f18a, type: 3}
  m_Name: 
  m_EditorClassIdentifier: 
  _AxisMove: 0
  _StartOnAwake: 1
  _StartOnAwakeDelay: 1
  _Loop: 1
  _AtRandom: 0
  _ShotList:
  - _ShotObj: {fileID: 114329094703767184}
    _AfterDelay: 1.5
  onShoot:
    m_PersistentCalls:
      m_Calls: []
    m_TypeName: UnityEngine.Events.UnityEvent, UnityEngine, Version=0.0.0.0, Culture=neutral,
      PublicKeyToken=null
  shotSound: {fileID: 0}
--- !u!114 &114241464489724872
MonoBehaviour:
  m_ObjectHideFlags: 1
  m_PrefabParentObject: {fileID: 0}
  m_PrefabInternal: {fileID: 100100000}
  m_GameObject: {fileID: 1042579822784190}
  m_Enabled: 1
  m_EditorHideFlags: 0
  m_Script: {fileID: 11500000, guid: b154883273c2845f39445c8015d81639, type: 3}
  m_Name: 
  m_EditorClassIdentifier: 
  points:
  - {x: 0, y: 0, z: 0}
  - {x: 15.746769, y: 8.0097685, z: 0}
  - {x: 4.030944, y: 16.83369, z: 0}
  - {x: 4.121188, y: 9.839426, z: 0}
  modes: 0000000000000000
  loop: 0
--- !u!114 &114248645272575000
MonoBehaviour:
  m_ObjectHideFlags: 1
  m_PrefabParentObject: {fileID: 0}
  m_PrefabInternal: {fileID: 100100000}
  m_GameObject: {fileID: 1746441821241082}
  m_Enabled: 1
  m_EditorHideFlags: 0
  m_Script: {fileID: 11500000, guid: 911fba6fa307a4c498df51e11bfa233d, type: 3}
  m_Name: 
  m_EditorClassIdentifier: 
  _ShowDebug: 0
  _Position: {x: 0.5, y: 0.8}
--- !u!114 &114283150672667958
MonoBehaviour:
  m_ObjectHideFlags: 1
  m_PrefabParentObject: {fileID: 0}
  m_PrefabInternal: {fileID: 100100000}
  m_GameObject: {fileID: 1746441821241082}
  m_Enabled: 1
  m_EditorHideFlags: 0
  m_Script: {fileID: 11500000, guid: b154883273c2845f39445c8015d81639, type: 3}
  m_Name: 
  m_EditorClassIdentifier: 
  points:
  - {x: 0, y: 0, z: 0}
  - {x: 0, y: 0, z: 0}
  - {x: 2.5126977, y: -1.547082, z: 0}
  - {x: 4.0240116, y: 0, z: 0}
  - {x: 3.9656806, y: 0.4286754, z: 0}
  - {x: 2.2876406, y: 2.3583522, z: 0}
  - {x: -0.12423229, y: 0, z: 0}
  - {x: -0.21204066, y: 0.0028033257, z: 0}
  - {x: -2.4498994, y: -1.57459, z: 0}
  - {x: -4, y: 0, z: 0}
  - {x: -1.9816794, y: 2.2716837, z: 0}
  - {x: -0.87393034, y: 0, z: 0}
  - {x: -0.2448169, y: 0, z: 0}
  modes: 0000000000000000000000000000000000000000
  loop: 0
--- !u!114 &114287518170633228
MonoBehaviour:
  m_ObjectHideFlags: 1
  m_PrefabParentObject: {fileID: 0}
  m_PrefabInternal: {fileID: 100100000}
  m_GameObject: {fileID: 1510394187250112}
  m_Enabled: 1
  m_EditorHideFlags: 0
  m_Script: {fileID: 11500000, guid: 2da1549839c672149a713ea88c4e6844, type: 3}
  m_Name: 
  m_EditorClassIdentifier: 
  _View: {fileID: 212314906242270432}
  _DeadView: {fileID: 0}
  _HurtColor: {r: 1, g: 0, b: 0, a: 1}
--- !u!114 &114296869946765480
MonoBehaviour:
  m_ObjectHideFlags: 1
  m_PrefabParentObject: {fileID: 0}
  m_PrefabInternal: {fileID: 100100000}
  m_GameObject: {fileID: 1042579822784190}
  m_Enabled: 1
  m_EditorHideFlags: 0
  m_Script: {fileID: 11500000, guid: 911fba6fa307a4c498df51e11bfa233d, type: 3}
  m_Name: 
  m_EditorClassIdentifier: 
  _ShowDebug: 0
  _Position: {x: 0, y: 0}
--- !u!114 &114329094703767184
MonoBehaviour:
  m_ObjectHideFlags: 1
  m_PrefabParentObject: {fileID: 0}
  m_PrefabInternal: {fileID: 100100000}
  m_GameObject: {fileID: 1994202218188608}
  m_Enabled: 1
  m_EditorHideFlags: 0
  m_Script: {fileID: 11500000, guid: 1f141e966b04fe44da0c176bff58b6d4, type: 3}
  m_Name: 
  m_EditorClassIdentifier: 
  _BulletPrefab: {fileID: 1542069964851248, guid: cf437de1bf856374eaf4ebfa9a2d38f8,
    type: 2}
  _BulletNum: 5
  _BulletSpeed: 3
  _AccelerationSpeed: 0
  _AccelerationTurn: 0
  _UsePauseAndResume: 0
  _PauseTime: 0
  _ResumeTime: 0
  _InitialPooling: 0
  _UseAutoRelease: 0
  _AutoReleaseTime: 10
  _CallbackReceiver: {fileID: 0}
  _CallbackMethod: 
  _AngleMod: 0
  shotSound: {fileID: 0}
  _Angle: 180
  _BetweenDelay: 0.2
--- !u!114 &114336938764895236
MonoBehaviour:
  m_ObjectHideFlags: 1
  m_PrefabParentObject: {fileID: 0}
  m_PrefabInternal: {fileID: 100100000}
  m_GameObject: {fileID: 1510394187250112}
  m_Enabled: 1
  m_EditorHideFlags: 0
  m_Script: {fileID: 11500000, guid: 541a76f9c03874323b5154b14ac00427, type: 3}
  m_Name: 
  m_EditorClassIdentifier: 
  duration: 3
  lookForward: 1
  mode: 0
--- !u!114 &114391434413390228
MonoBehaviour:
  m_ObjectHideFlags: 1
  m_PrefabParentObject: {fileID: 0}
  m_PrefabInternal: {fileID: 100100000}
  m_GameObject: {fileID: 1631887384335188}
  m_Enabled: 1
  m_EditorHideFlags: 0
  m_Script: {fileID: 11500000, guid: 1f141e966b04fe44da0c176bff58b6d4, type: 3}
  m_Name: 
  m_EditorClassIdentifier: 
  _BulletPrefab: {fileID: 1542069964851248, guid: cf437de1bf856374eaf4ebfa9a2d38f8,
    type: 2}
  _BulletNum: 5
  _BulletSpeed: 3
  _AccelerationSpeed: 0
  _AccelerationTurn: 0
  _UsePauseAndResume: 0
  _PauseTime: 0
  _ResumeTime: 0
  _InitialPooling: 0
  _UseAutoRelease: 0
  _AutoReleaseTime: 10
  _CallbackReceiver: {fileID: 0}
  _CallbackMethod: 
  _AngleMod: 0
  shotSound: {fileID: 0}
  _Angle: 180
  _BetweenDelay: 0.2
--- !u!114 &114454706266387724
MonoBehaviour:
  m_ObjectHideFlags: 1
  m_PrefabParentObject: {fileID: 0}
  m_PrefabInternal: {fileID: 100100000}
  m_GameObject: {fileID: 1632059082697920}
  m_Enabled: 1
  m_EditorHideFlags: 0
  m_Script: {fileID: 11500000, guid: 70962cc7743ab4dfa909076da4818d78, type: 3}
  m_Name: 
  m_EditorClassIdentifier: 
  _BulletPrefab: {fileID: 1542069964851248, guid: cf437de1bf856374eaf4ebfa9a2d38f8,
    type: 2}
  _BulletNum: 10
  _BulletSpeed: 5
  _AccelerationSpeed: 0
  _AccelerationTurn: 0
  _UsePauseAndResume: 0
  _PauseTime: 0
  _ResumeTime: 0
  _InitialPooling: 0
  _UseAutoRelease: 0
  _AutoReleaseTime: 10
  _CallbackReceiver: {fileID: 0}
  _CallbackMethod: 
  _AngleMod: 0
  shotSound: {fileID: 0}
  _WayNum: 5
  _CenterAngle: 180
  _BetweenAngle: 10
  _NextLineDelay: 0.2
--- !u!114 &114478200435742814
MonoBehaviour:
  m_ObjectHideFlags: 1
  m_PrefabParentObject: {fileID: 0}
  m_PrefabInternal: {fileID: 100100000}
  m_GameObject: {fileID: 1510394187250112}
  m_Enabled: 1
  m_EditorHideFlags: 0
  m_Script: {fileID: 11500000, guid: dba0c819d26a5584cb4370c62edae3b3, type: 3}
  m_Name: 
  m_EditorClassIdentifier: 
  _Offset: {x: 0, y: 0}
  _Scale: {x: 1, y: 1}
--- !u!114 &114478938982760220
MonoBehaviour:
  m_ObjectHideFlags: 1
  m_PrefabParentObject: {fileID: 0}
  m_PrefabInternal: {fileID: 100100000}
  m_GameObject: {fileID: 1675561691721132}
  m_Enabled: 1
  m_EditorHideFlags: 0
  m_Script: {fileID: 11500000, guid: b154883273c2845f39445c8015d81639, type: 3}
  m_Name: 
  m_EditorClassIdentifier: 
  points:
  - {x: -0.025899053, y: 0.2853489, z: 0}
  - {x: -1.754945, y: 1.0602529, z: 0}
  - {x: -2.0297089, y: -1.0565836, z: 0}
  - {x: -3.803578, y: 0.3014264, z: 0}
  - {x: -1.7434134, y: 1.0987306, z: 0}
  - {x: -2.1762843, y: -0.5933573, z: 0}
  - {x: -0.086230755, y: 0.25334287, z: 0}
  - {x: 1.8974328, y: 1.004272, z: 0}
  - {x: 2.2836008, y: -0.5395005, z: 0}
  - {x: 3.7757125, y: 0.27464557, z: 0}
  - {x: 2.2286315, y: 1.3265567, z: 0}
  - {x: 1.2227111, y: -0.574723, z: 0}
  - {x: -0.025899053, y: 0.2853489, z: 0}
  modes: 0000000000000000000000000000000000000000
  loop: 1
--- !u!114 &114607961738125578
MonoBehaviour:
  m_ObjectHideFlags: 1
  m_PrefabParentObject: {fileID: 0}
  m_PrefabInternal: {fileID: 100100000}
  m_GameObject: {fileID: 1061865987611170}
  m_Enabled: 1
  m_EditorHideFlags: 0
  m_Script: {fileID: 11500000, guid: 70962cc7743ab4dfa909076da4818d78, type: 3}
  m_Name: 
  m_EditorClassIdentifier: 
  _BulletPrefab: {fileID: 1542069964851248, guid: cf437de1bf856374eaf4ebfa9a2d38f8,
    type: 2}
  _BulletNum: 5
  _BulletSpeed: 6
  _AccelerationSpeed: 0
  _AccelerationTurn: 0
  _UsePauseAndResume: 0
  _PauseTime: 0
  _ResumeTime: 0
  _InitialPooling: 0
  _UseAutoRelease: 0
  _AutoReleaseTime: 10
  _CallbackReceiver: {fileID: 0}
  _CallbackMethod: 
  _AngleMod: 0
  shotSound: {fileID: 0}
  _WayNum: 5
  _CenterAngle: 180
  _BetweenAngle: 10
  _NextLineDelay: 0.2
--- !u!114 &114683763270401336
MonoBehaviour:
  m_ObjectHideFlags: 1
  m_PrefabParentObject: {fileID: 0}
  m_PrefabInternal: {fileID: 100100000}
  m_GameObject: {fileID: 1510394187250112}
  m_Enabled: 1
  m_EditorHideFlags: 0
  m_Script: {fileID: 11500000, guid: fb8d28473b357294aa862cbab0d3a404, type: 3}
  m_Name: 
  m_EditorClassIdentifier: 
  explosions:
  - {fileID: 8300000, guid: 7058b5497529aa5418dc246eba489e49, type: 3}
  hurtSound: {fileID: 8300000, guid: cbc48b4ffda98f645b873650aa932dd1, type: 3}
  shotSound: {fileID: 0}
  _MaxHealth: 8
  _DamageToPlayerBullet: 1
  _DeathParticle: {fileID: 1192117635971152, guid: 6e9732b254a7e974bb28ea9fc33f7984,
    type: 2}
  _DeathReward: {fileID: 1017729481292762, guid: 15d7b9ada31012041a51571432d982d4,
    type: 2}
  _RewardsMinMax: {x: 5, y: 10}
  _ChestReward: {fileID: 1088094079763418, guid: 4274fb4e8cf0026488968e64c6be438c,
    type: 2}
  chest:
    _chestName: 
    _coinReward: 0
    _ODFragReward: 0
    _powerGemReward: 0
    _evolutionStoneReward: 0
    _unlockDurationMinutes: 0
    _unlockDeadlineStr: 
    _currentState: 0
    _notificationID: 0
  _EntrancePath: {fileID: 114241464489724872}
  _Behaviors:
  - HealthCutoff: 0.774
    GunsManager: {fileID: 114190940271033010}
    loopThreshold: 2
    movementDuration: 3
    mode: 1
    paths:
    - {fileID: 114283150672667958}
    - {fileID: 114806950211881708}
    lookForward: 0
  - HealthCutoff: 0.344
    GunsManager: {fileID: 114145986028195188}
    loopThreshold: 1
    movementDuration: 1.8
    mode: 1
    paths:
    - {fileID: 114806950211881708}
    - {fileID: 114283150672667958}
    lookForward: 0
  - HealthCutoff: 0
    GunsManager: {fileID: 114690481341274254}
    loopThreshold: 1
    movementDuration: 1
    mode: 1
    paths:
    - {fileID: 114478938982760220}
    lookForward: 0
  isLevelBoss: 1
  bossNumber: 2
  show: 0
--- !u!114 &114690481341274254
MonoBehaviour:
  m_ObjectHideFlags: 1
  m_PrefabParentObject: {fileID: 0}
  m_PrefabInternal: {fileID: 100100000}
  m_GameObject: {fileID: 1059649107156952}
  m_Enabled: 1
  m_EditorHideFlags: 0
  m_Script: {fileID: 11500000, guid: f4f0f29fa90c15e4ca1c2e77ce62f18a, type: 3}
  m_Name: 
  m_EditorClassIdentifier: 
  _AxisMove: 0
  _StartOnAwake: 1
  _StartOnAwakeDelay: 1
  _Loop: 1
  _AtRandom: 0
  _ShotList:
  - _ShotObj: {fileID: 114773148750983600}
    _AfterDelay: 1
  - _ShotObj: {fileID: 114607961738125578}
    _AfterDelay: 1.2
  onShoot:
    m_PersistentCalls:
      m_Calls: []
    m_TypeName: UnityEngine.Events.UnityEvent, UnityEngine, Version=0.0.0.0, Culture=neutral,
      PublicKeyToken=null
  shotSound: {fileID: 0}
--- !u!114 &114773148750983600
MonoBehaviour:
  m_ObjectHideFlags: 1
  m_PrefabParentObject: {fileID: 0}
  m_PrefabInternal: {fileID: 100100000}
  m_GameObject: {fileID: 1389883023984680}
  m_Enabled: 1
  m_EditorHideFlags: 0
  m_Script: {fileID: 11500000, guid: 1f141e966b04fe44da0c176bff58b6d4, type: 3}
  m_Name: 
  m_EditorClassIdentifier: 
  _BulletPrefab: {fileID: 1542069964851248, guid: cf437de1bf856374eaf4ebfa9a2d38f8,
    type: 2}
  _BulletNum: 5
  _BulletSpeed: 6
  _AccelerationSpeed: 0
  _AccelerationTurn: 0
  _UsePauseAndResume: 0
  _PauseTime: 0
  _ResumeTime: 0
  _InitialPooling: 0
  _UseAutoRelease: 0
  _AutoReleaseTime: 10
  _CallbackReceiver: {fileID: 0}
  _CallbackMethod: 
  _AngleMod: 0
  shotSound: {fileID: 0}
  _Angle: 180
  _BetweenDelay: 0.2
--- !u!114 &114806950211881708
MonoBehaviour:
  m_ObjectHideFlags: 1
  m_PrefabParentObject: {fileID: 0}
  m_PrefabInternal: {fileID: 100100000}
  m_GameObject: {fileID: 1370545413140232}
  m_Enabled: 1
  m_EditorHideFlags: 0
  m_Script: {fileID: 11500000, guid: b154883273c2845f39445c8015d81639, type: 3}
  m_Name: 
  m_EditorClassIdentifier: 
  points:
  - {x: 0, y: 0, z: 0}
  - {x: 0, y: 0, z: 0}
  - {x: 3.17, y: 0, z: 0}
  - {x: 4.0240116, y: 0, z: 0}
  - {x: 3.4512696, y: 0, z: 0}
  - {x: 1.0873499, y: 0, z: 0}
  - {x: -0.12423229, y: 0, z: 0}
  - {x: -0.21204066, y: 0.0028033257, z: 0}
  - {x: -2.678526, y: 0, z: 0}
  - {x: -4, y: 0, z: 0}
  - {x: -2.739006, y: 0, z: 0}
  - {x: -0.87393034, y: 0, z: 0}
  - {x: -0.2448169, y: 0, z: 0}
  modes: 0000000000000000000000000000000000000000
  loop: 0
--- !u!114 &114956500895986418
MonoBehaviour:
  m_ObjectHideFlags: 1
  m_PrefabParentObject: {fileID: 0}
  m_PrefabInternal: {fileID: 100100000}
  m_GameObject: {fileID: 1370545413140232}
  m_Enabled: 1
  m_EditorHideFlags: 0
  m_Script: {fileID: 11500000, guid: 911fba6fa307a4c498df51e11bfa233d, type: 3}
  m_Name: 
  m_EditorClassIdentifier: 
  _ShowDebug: 0
  _Position: {x: 0.5, y: 0.8}
--- !u!114 &114983122930775606
MonoBehaviour:
  m_ObjectHideFlags: 1
  m_PrefabParentObject: {fileID: 0}
  m_PrefabInternal: {fileID: 100100000}
  m_GameObject: {fileID: 1675561691721132}
  m_Enabled: 1
  m_EditorHideFlags: 0
  m_Script: {fileID: 11500000, guid: 911fba6fa307a4c498df51e11bfa233d, type: 3}
  m_Name: 
  m_EditorClassIdentifier: 
  _ShowDebug: 0
  _Position: {x: 0.5, y: 0.8}
--- !u!212 &212314906242270432
SpriteRenderer:
  m_ObjectHideFlags: 1
  m_PrefabParentObject: {fileID: 0}
  m_PrefabInternal: {fileID: 100100000}
  m_GameObject: {fileID: 1776665582394564}
  m_Enabled: 1
  m_CastShadows: 0
  m_ReceiveShadows: 0
  m_MotionVectors: 1
  m_LightProbeUsage: 1
  m_ReflectionProbeUsage: 1
  m_Materials:
  - {fileID: 10754, guid: 0000000000000000f000000000000000, type: 0}
  m_StaticBatchInfo:
    firstSubMesh: 0
    subMeshCount: 0
  m_StaticBatchRoot: {fileID: 0}
  m_ProbeAnchor: {fileID: 0}
  m_LightProbeVolumeOverride: {fileID: 0}
  m_ScaleInLightmap: 1
  m_PreserveUVs: 0
  m_IgnoreNormalsForChartDetection: 0
  m_ImportantGI: 0
  m_SelectedEditorRenderState: 0
  m_MinimumChartSize: 4
  m_AutoUVMaxDistance: 0.5
  m_AutoUVMaxAngle: 89
  m_LightmapParameters: {fileID: 0}
  m_SortingLayerID: -620634803
  m_SortingLayer: 3
  m_SortingOrder: 0
  m_Sprite: {fileID: 21300000, guid: 62581df886228164a9e939237d11a57b, type: 3}
  m_Color: {r: 1, g: 1, b: 1, a: 1}
  m_FlipX: 0
  m_FlipY: 0
  m_DrawMode: 0
  m_Size: {x: 6.4, y: 4.8}
  m_AdaptiveModeThreshold: 0.5
  m_SpriteTileMode: 0
